 Dungeon Crawl Stone Soup version 0.22.1-1-ga44c0e5 (webtiles) character file.

201 dvd the Firebug (level 5, -1/31 HPs)
             Began as an Octopode Fire Elementalist on Nov 7, 2018.
             Was a Follower of Vehumet.
             Slain by a worker ant (6 damage)
             ... on level 4 of the Dungeon.
             The game lasted 00:09:52 (3867 turns).

dvd the Firebug (Octopode Fire Elementalist)        Turns: 3867, Time: 00:09:52

Health: -1/31      AC:  1    Str:  7    XL:     5   Next: 79%
Magic:  2/9        EV: 12    Int: 19    God:    Vehumet [*.....]
Gold:   216        SH:  0    Dex: 12    Spells: 3/9 levels left

rFire    . . .     SeeInvis .   l - +1 whip (vamp)
rCold    . . .     Gourm    +   (no shield)
rNeg     . . .     Faith    .   (helmet restricted)
rPois    .         Spirit   .   m - amulet of the gourmand
rElec    .         Reflect  .   q - ring of protection from magic
rCorr    .         Harm     .   (no ring)
MR       +....                  (no ring)
Stlth    +++.......             (no ring)
HPRegen  0.10/turn              (no ring)
MPRegen  0.11/turn              (no ring)
                                (no ring)
                                (no ring)

@: lethally poisoned (-1 -> -4), heavily drained
A: almost no armour, stealthy swim, amphibious, 8 rings, constrict 8, camouflage
1, gelatinous body 1
a: Renounce Religion


You were on level 4 of the Dungeon.
You worshipped Vehumet.
Vehumet was aware of your devotion.
You were very hungry.

You visited 1 branch of the dungeon, and saw 4 of its levels.

You collected 216 gold pieces.

Inventory:

Hand Weapons
 c - a +0 mace
 e - a +0 short sword
 l - a +1 vampiric whip (weapon)
Jewellery
 m - an amulet of the gourmand (around mantle)
 q - a ring of protection from magic (left tentacle)
Scrolls
 f - 3 scrolls of remove curse
 g - a scroll of enchant armour {unknown}
 h - a scroll of immolation {unknown}
 i - 3 scrolls of identify
 k - a scroll of enchant weapon {unknown}
 o - a scroll of teleportation {unknown}
 p - a scroll of fog {unknown}
Potions
 a - 2 potions of haste {unknown}
 j - 2 potions of curing
Comestibles
 b - 5 rations


   Skills:
 + Level 0.1(0.0) Fighting
 + Level 1.7(0.4) Maces & Flails
 + Level 2.2(0.8) Dodging
 + Level 3.8(2.4) Stealth
 + Level 2.8(1.4) Spellcasting
 + Level 1.7(0.4) Conjurations
 * Level 4.5(3.1) Fire Magic


You had 3 spell levels left.
You knew the following spells:

 Your Spells              Type           Power        Failure   Level  Hunger
a - Flame Tongue          Conj/Fire      #....        9%          1    ##.....
b - Throw Flame           Conj/Fire      #.....       13%         2    ###....
c - Magic Dart            Conj           #...         16%         1    ##.....
d - Blink                 Tloc           N/A          26%         2    ###....

Your spell library contained the following spells:

 Spells                   Type           Power        Failure   Level  Hunger
 Sting                    Conj/Pois      #...         17%         1    ##.....
 Call Imp                 Summ           #.......     26%         2    ###....
 Slow                     Hex            #.......     26%         2    ###....
 Conjure Flame            Conj/Fire      #.......     26%         3    ####...
 Inner Flame              Hex/Fire       #.......     28%         3    ####...
 Mephitic Cloud           Conj/Pois/Air  #.......     45%         3    ####...
 Sticky Flame             Conj/Fire      #.......     65%         4    #####..
 Fireball                 Conj/Fire      #.........   94%         5    ######.


Dungeon Overview and Level Annotations

Branches:
Dungeon (4/15)
 Temple: D:4-7

Altars:
Hepliaklqana
Kikubaaqudgha
Trog
Vehumet

Annotations:
D:4 Robin


Innate Abilities, Weirdness & Mutations

You cannot wear most types of armour.
You are very stealthy in the water. (Stealth+)
You are amphibious.
You can wear up to eight rings at the same time.
You can use your tentacles to constrict eight enemies at once.
Your skin changes colour to match your surroundings (Stealth+).
Your rubbery body absorbs attacks. (AC +1, EV +1)


Message History

The worker ant misses you.
Casting: Flame Tongue (safe; 9% risk of failure)
Confirm with . or Enter, or press ? or * to list all spells.
Aiming: Flame Tongue (safe; 9% risk of failure)
Press: ? - help, Shift-Dir - straight line The flame tongue hits the worker ant.
The worker ant is almost dead.
The worker ant bites you!
* * * LOW HITPOINT WARNING * * *
You are poisoned.
The worker ant poisons you!
Casting: Flame Tongue (safe; 9% risk of failure)
Confirm with . or Enter, or press ? or * to list all spells.
Aiming: Flame Tongue (safe; 9% risk of failure)
Press: ? - help, Shift-Dir - straight line The flame tongue hits the worker ant.
The worker ant appears unharmed.
The worker ant is almost dead.
* * * LOW HITPOINT WARNING * * *
You feel sick. The worker ant bites you.
You die...

.. . ##. #.# ##.## ..
##...# #..##...##
#....).## #......@##
##...##a..#
##....###..## #......
##..##
.......###...#######.
...##....###..........
... #....#...........
#..a# #.....#########.
#.....##...##


You could see a worker ant.

Vanquished Creatures
  A hound (D:2)
  6 gnolls
  3 adders (D:2)
  3 dart slugs
  2 worms
  2 leopard geckos (D:2)
  4 orcs (D:3)
  A ball python (D:3)
  A giant cockroach (D:1)
  15 goblins
  8 hobgoblins
  7 kobolds
  A quokka (D:2)
  7 bats
  3 frilled lizards
  8 rats
72 creatures vanquished.

Notes
Turn   | Place    | Note
-------+----------+-------------------------------------------
     0 | D:1      | dvd the Octopode Fire Elementalist began the quest for the
                  | Orb.
     0 | D:1      | Reached XP level 1. HP: 11/11 MP: 3/3
   212 | D:1      | Reached XP level 2. HP: 17/17 MP: 1/5
   847 | D:1      | Reached XP level 3. HP: 21/21 MP: 4/6
  1365 | D:2      | Reached skill level 1 in Maces & Flails
  1365 | D:2      | Reached XP level 4. HP: 15/27 MP: 0/7
  1673 | D:2      | Learned a level 2 spell: Throw Flame
  1727 | D:2      | Found a radiant altar of Vehumet.
  1736 | D:2      | Became a worshipper of Vehumet
  1982 | D:2      | Reached skill level 4 in Fire Magic
  2176 | D:3      | Learned a level 1 spell: Magic Dart
  2179 | D:3      | Learned a level 2 spell: Blink
  2475 | D:3      | Reached XP level 5. HP: 31/31 MP: 6/8
  2672 | D:3      | Reached * piety under Vehumet
  2672 | D:3      | Offered knowledge of Sting by Vehumet.
  2808 | D:3      | Found a bloodstained altar of Trog.
  3289 | D:3      | Found an ancient bone altar of Kikubaaqudgha.
  3289 | D:3      | Found a hazy altar of Hepliaklqana.
  3574 | D:4      | Noticed Robin
  3867 | D:4      | Slain by a worker ant

Skill      XL: |  1  2  3  4 |
---------------+-------------+-----
Stealth        | 3 |  3.8
Maces & Flails | 1 |  1.7
Fire Magic     | 4 |  4.5
Fighting       | |  0.1
Dodging        | |  2.2
Spellcasting   | |  2.8
Conjurations   | |  1.7

Action                   |  1- 3 |  4- 6 || total
-------------------------+-------+-------++-------
Melee: Mace              |    16 |     1 ||    17
       Constrict         |     5 |     7 ||    12
       Tentacles         |     2 |     3 ||     5
       Whip              |       |    18 ||    18
 Cast: Flame Tongue      |    43 |    68 ||   111
       Throw Flame       |       |    13 ||    13
  Use: Scroll            |       |     2 ||     2
       Potion            |       |     1 ||     1
 Stab: Sleeping          |     4 |     1 ||     5
  Eat: Chunk             |     2 |     6 ||     8
       Ration            |       |     2 ||     2
Armor: Skin              |     3 |     7 ||    10
Dodge: Dodged            |    18 |    40 ||    58
